APP
PULASKI YANKEES @ BURLINGTON ROYALS
10/07/2044
 
TOP OF THE 1ST
Baltimore (APP) Orioles batting - Pitching for Burlington Royals : RHP Josh Bishop
Pitching: RHP Josh Bishop
Batting: RHB Rafael Medina 0-0: Ball
1-0: Ball
2-0: Ground out 4-3 (Groundball, 4, EV 96.3 MPH)
Batting: RHB Eric Meijerink 0-0: Ball
1-0: Called Strike
1-1: Ball
2-1: SINGLE (Groundball, 3D, EV 103.8 MPH)
Batting: LHB Stu Sornson 0-0: Ball
1-0: Ball
2-0: Foul Ball, location: 2F
2-1: SINGLE (Groundball, 6MD, EV 108.1 MPH)
Eric Meijerink to second
Runner from 2nd tries for 3rd, SAFE, throw by CF made to third
Batting: RHB Omar Mascarenas 0-0: Foul Ball, location: 2F
0-1: Ball
1-1: Grounds into double play, 6-4-3 (Groundball, 56, EV 86.9 MPH)
Top of the 1st over - 0 runs, 2 hits, 0 errors, 1 left on base; Baltimore (APP) 0 - Burlington 0
BOTTOM OF THE 1ST
Burlington Royals batting - Pitching for Baltimore (APP) Orioles : RHP Jeff Recker
Pitching: RHP Jeff Recker
Batting: RHB Devin Garrett 0-0: Fly out, F8 (Flyball, 8RD, EV 78.8 MPH)
Batting: RHB Jake Burkhart 0-0: Ball
1-0: Ground out 6-3 (Groundball, 6, EV 88.8 MPH)
Batting: LHB Natanael Frois 0-0: TRIPLE (Line Drive, 89XD, EV 107.5 MPH)
Batting: LHB Jason Gorden 0-0: Ball
1-0: SINGLE (Line Drive, 9LM, EV 98.1 MPH)
Natanael Frois scores
Batting: LHB Jim Hollowell 0-0: Ball
1-0: Ball
2-0: Called Strike
2-1: Foul Ball, location: 2F
2-2: Foul Ball, location: 2F
2-2: Ball
3-2: Strikes out swinging
Bottom of the 1st over - 1 run, 2 hits, 0 errors, 1 left on base; Baltimore (APP) 0 - Burlington 1
TOP OF THE 2ND
Baltimore (APP) Orioles batting - Pitching for Burlington Royals : RHP Josh Bishop
Batting: RHB Sean Ward 0-0: Called Strike
0-1: Ball
1-1: Foul Ball, location: 2F
1-2: Foul Ball, location: 2F
1-2: Foul Ball, location: 2F
1-2: Ground out 1-3 (Groundball, 34S, EV 68.1 MPH)
Batting: RHB Andres Cervantes 0-0: Called Strike
0-1: Called Strike
0-2: Ball
1-2: Ball
2-2: Ball
3-2: Foul Ball, location: 2F
3-2: Foul Ball, location: 2F
3-2: Foul Ball, location: 2F
3-2: Fly out, F1 (Popup, 13, EV 78.8 MPH)
Batting: RHB Joel Escalera 0-0: Ball
1-0: Ball
2-0: Ball
3-0: Base on Balls
Batting: RHB Trevor Smith 0-0: Ball
1-0: Ball
2-0: Fielders Choice at 2nd, 5-4 (Groundball, 56, EV 85.6 MPH)
Top of the 2nd over - 0 runs, 0 hits, 0 errors, 1 left on base; Baltimore (APP) 0 - Burlington 1
BOTTOM OF THE 2ND
Burlington Royals batting - Pitching for Baltimore (APP) Orioles : RHP Jeff Recker
Batting: RHB Jason Sloan 0-0: Fly out, F8 (Flyball, 8RD, EV 98.1 MPH)
Batting: LHB Lapaele Keneke 0-0: Ball
1-0: Ball
2-0: Swinging Strike
2-1: Foul Ball, location: 2F
2-2: Strikes out swinging
Batting: RHB Josh Tull 0-0: Ball
1-0: Foul Ball, location: 2F
1-1: Called Strike
1-2: Ball
2-2: Foul Ball, location: 2F
2-2: Strikes out swinging
Bottom of the 2nd over - 0 runs, 0 hits, 0 errors, 0 left on base; Baltimore (APP) 0 - Burlington 1
TOP OF THE 3RD
Baltimore (APP) Orioles batting - Pitching for Burlington Royals : RHP Josh Bishop
Batting: RHB Brett Steele 0-0: Ball
1-0: Foul Ball, location: 2F
1-1: Swinging Strike
1-2: Foul Ball, location: 2F
1-2: Ball
2-2: Fly out, F7 (Flyball, 7LS, EV 91.3 MPH)
Batting: RHB Rafael Medina 0-0: Swinging Strike
0-1: Foul Ball, location: 2F
0-2: Strikes out swinging
Batting: RHB Eric Meijerink 0-0: Ball
1-0: Fly out, F3 (Popup, 3SF, EV 77.5 MPH)
Top of the 3rd over - 0 runs, 0 hits, 0 errors, 0 left on base; Baltimore (APP) 0 - Burlington 1
BOTTOM OF THE 3RD
Burlington Royals batting - Pitching for Baltimore (APP) Orioles : RHP Jeff Recker
Batting: RHB Kirby Newman 0-0: Ground out 4-3 (Groundball, 4, EV 83.8 MPH)
Batting: RHB Devin Garrett 0-0: Called Strike
0-1: Swinging Strike
0-2: Ball
1-2: Fly out, F8 (Flyball, 8RD, EV 86.3 MPH)
Batting: RHB Jake Burkhart 0-0: Called Strike
0-1: Called Strike
0-2: Ground out 6-3 (Groundball, 56, EV 92.5 MPH)
Bottom of the 3rd over - 0 runs, 0 hits, 0 errors, 0 left on base; Baltimore (APP) 0 - Burlington 1
TOP OF THE 4TH
Baltimore (APP) Orioles batting - Pitching for Burlington Royals : RHP Josh Bishop
Batting: LHB Stu Sornson 0-0: Ground out 6-3 (Groundball, 4MD, EV 100.6 MPH)
Batting: RHB Omar Mascarenas 0-0: Foul Ball, location: 2F
0-1: Ground out 5-3 (Groundball, 5, EV 106.3 MPH)
Batting: RHB Sean Ward 0-0: Ball
1-0: Ball
2-0: Called Strike
2-1: Ball
3-1: Base on Balls
Batting: RHB Andres Cervantes 0-0: Ball
1-0: Foul Ball, location: 2F
1-1: Ball
2-1: Foul Ball, location: 2F
2-2: Ball
Sean Ward steals 2nd base (no throw)
3-2: Foul Ball, location: 2F
3-2: Base on Balls
Batting: RHB Joel Escalera 0-0: Ball
1-0: Foul Ball, location: 2F
1-1: Fielders Choice at 2nd, 6-4 (Groundball, 56, EV 86.3 MPH)
Top of the 4th over - 0 runs, 0 hits, 0 errors, 2 left on base; Baltimore (APP) 0 - Burlington 1
BOTTOM OF THE 4TH
Burlington Royals batting - Pitching for Baltimore (APP) Orioles : RHP Jeff Recker
Batting: LHB Natanael Frois 0-0: Fly out, F6 (Popup, 6, EV 78.1 MPH)
Batting: LHB Jason Gorden 0-0: Ball
1-0: Fly out, F7 (Flyball, 78S, EV 86.9 MPH)
Batting: LHB Jim Hollowell 0-0: Called Strike
0-1: Ball
1-1: Ground out 4-3 (Groundball, 4M, EV 80.0 MPH)
Bottom of the 4th over - 0 runs, 0 hits, 0 errors, 0 left on base; Baltimore (APP) 0 - Burlington 1
TOP OF THE 5TH
Baltimore (APP) Orioles batting - Pitching for Burlington Royals : RHP Josh Bishop
Batting: RHB Trevor Smith 0-0: Called Strike
0-1: Ball
1-1: Foul Ball, location: 2F
1-2: Ball
2-2: Foul Ball, location: 2F
2-2: Ground out 5-3 (Groundball, 5, EV 91.9 MPH)
Batting: RHB Brett Steele 0-0: Fly out, F4 (Popup, 34, EV 76.9 MPH)
Batting: RHB Rafael Medina 0-0: Fly out, F9 (Line Drive, 9, EV 103.8 MPH)
Top of the 5th over - 0 runs, 0 hits, 0 errors, 0 left on base; Baltimore (APP) 0 - Burlington 1
BOTTOM OF THE 5TH
Burlington Royals batting - Pitching for Baltimore (APP) Orioles : RHP Jeff Recker
Batting: RHB Jason Sloan 0-0: Called Strike
0-1: Ball
1-1: Foul Ball, location: 2F
1-2: SINGLE (Line Drive, 6MD, EV 106.9 MPH)
Batting: LHB Lapaele Keneke 0-0: DOUBLE (Groundball, 3L, EV 102.5 MPH)
Jason Sloan to third
Batting: RHB Josh Tull 0-0: Foul Ball, location: 2F
0-1: Ball
1-1: Foul Ball, location: 2F
1-2: Ground out 3-1 (Groundball, 34, EV 87.5 MPH)
Jason Sloan scores
Lapaele Keneke to third
Batting: RHB Kirby Newman 0-0: Ball
1-0: Fly out, F8 (Flyball, 8RM, EV 81.3 MPH)
Runner from 3rd tags up, SCORES, throw by CF
Batting: RHB Devin Garrett 0-0: Called Strike
0-1: Ground out 5-3 (Groundball, 56, EV 100.0 MPH)
Bottom of the 5th over - 2 runs, 2 hits, 0 errors, 0 left on base; Baltimore (APP) 0 - Burlington 3
TOP OF THE 6TH
Baltimore (APP) Orioles batting - Pitching for Burlington Royals : RHP Josh Bishop
Batting: RHB Eric Meijerink 0-0: Foul Ball, location: 2F
0-1: Swinging Strike
0-2: Strikes out looking
Batting: LHB Stu Sornson 0-0: Ball
1-0: Ball
2-0: Swinging Strike
2-1: Ground out 5-3 (Groundball, 56, EV 108.8 MPH)
Batting: RHB Omar Mascarenas 0-0: Called Strike
0-1: Reached on error, E6 (Groundball, 6M, EV 104.4 MPH)
Batting: RHB Sean Ward 0-0: Ball
1-0: Ball
2-0: Called Strike
2-1: Foul Ball, location: 2F
2-2: Strikes out looking
Top of the 6th over - 0 runs, 0 hits, 1 error, 1 left on base; Baltimore (APP) 0 - Burlington 3
BOTTOM OF THE 6TH
Burlington Royals batting - Pitching for Baltimore (APP) Orioles : RHP Jeff Recker
Batting: RHB Jake Burkhart 0-0: Ball
1-0: Called Strike
1-1: DOUBLE (Line Drive, 89D, EV 106.3 MPH)
Batting: LHB Natanael Frois 0-0: Foul Ball, location: 2F
0-1: Ball
1-1: Swinging Strike
1-2: Strikes out swinging
Batting: LHB Jason Gorden 0-0: Ball
1-0: Ball
2-0: SINGLE (Groundball, 56D, EV 103.1 MPH)
Jake Burkhart to third
Runner from 3rd tries for Home, SAFE, no throw by LF
Batting: LHB Jim Hollowell 0-0: Called Strike
0-1: Ball
1-1: Ball
2-1: Fielders Choice at 2nd, 6-4 (Groundball, 6M, EV 86.3 MPH)
Batting: RHB Jason Sloan 0-0: Ball
1-0: Ball
Jim Hollowell is caught stealing 2nd base 2-4
Bottom of the 6th over - 1 run, 2 hits, 0 errors, 0 left on base; Baltimore (APP) 0 - Burlington 4
TOP OF THE 7TH
Baltimore (APP) Orioles batting - Pitching for Burlington Royals : RHP Josh Bishop
Batting: RHB Andres Cervantes 0-0: Foul Ball, location: 2F
0-1: Ball
1-1: Ball
2-1: Ball
3-1: Foul Ball, location: 2F
3-2: Strikes out swinging
Pitching: RHP Juan Hernandez
Batting: RHB Joel Escalera 0-0: Ball
1-0: Ball
2-0: Called Strike
2-1: Foul Ball, location: 2F
2-2: Foul Ball, location: 2F
2-2: Foul Ball, location: 2F
2-2: Strikes out swinging
Batting: RHB Trevor Smith 0-0: Swinging Strike
0-1: Ground out 6-3 (Groundball, 6, EV 83.1 MPH)
Top of the 7th over - 0 runs, 0 hits, 0 errors, 0 left on base; Baltimore (APP) 0 - Burlington 4
BOTTOM OF THE 7TH
Burlington Royals batting - Pitching for Baltimore (APP) Orioles : RHP Jeff Recker
Batting: RHB Jason Sloan 0-0: Called Strike
0-1: Foul Ball, location: 2F
0-2: Foul Ball, location: 2F
0-2: Ground out U3 (Groundball, 34, EV 88.1 MPH)
Batting: LHB Lapaele Keneke 0-0: Ball
1-0: Ball
2-0: Ball
3-0: Called Strike
3-1: Called Strike
3-2: Foul Ball, location: 2F
3-2: DOUBLE (Groundball, 3L, EV 94.4 MPH)
Pitching: RHP Kevin Akins
Batting: RHB Josh Tull 0-0: Ball
Wild Pitch!
Lapaele Keneke to third
1-0: Foul Ball, location: 2F
1-1: Ground out 6-3 (Groundball, 6, EV 91.9 MPH)
Lapaele Keneke scores
Batting: RHB Kirby Newman 0-0: Ball
1-0: Foul Ball, location: 2F
1-1: Swinging Strike
1-2: Strikes out swinging
Bottom of the 7th over - 1 run, 1 hit, 0 errors, 0 left on base; Baltimore (APP) 0 - Burlington 5
TOP OF THE 8TH
Baltimore (APP) Orioles batting - Pitching for Burlington Royals : RHP Juan Hernandez
Batting: RHB Brett Steele 0-0: Ball
1-0: Called Strike
1-1: Ball
2-1: Foul Ball, location: 2F
2-2: Ball
3-2: Base on Balls
Batting: RHB Rafael Medina 0-0: Ball
1-0: Ball
2-0: Called Strike
2-1: Fielders Choice at 2nd, 4-6 (Groundball, 4M, EV 87.5 MPH)
Batting: RHB Eric Meijerink 0-0: Ball
Wild Pitch!
Rafael Medina to second
1-0: Ground out U3 (Groundball, 34, EV 84.4 MPH)
Rafael Medina to third
Batting: LHB Stu Sornson 0-0: Ball
1-0: Foul Ball, location: 2F
1-1: Called Strike
1-2: Ball
2-2: Ball
3-2: Foul Ball, location: 2F
3-2: Foul Ball, location: 2F
3-2: Strikes out looking
Top of the 8th over - 0 runs, 0 hits, 0 errors, 1 left on base; Baltimore (APP) 0 - Burlington 5
BOTTOM OF THE 8TH
Burlington Royals batting - Pitching for Baltimore (APP) Orioles : RHP Kevin Akins
Batting: RHB Devin Garrett 0-0: Called Strike
0-1: Ball
1-1: Ball
2-1: Ball
3-1: Base on Balls
Batting: RHB Jake Burkhart 0-0: Called Strike
0-1: Fielders Choice at 2nd, 6-4 (Groundball, 56, EV 80.0 MPH)
Batting: LHB Natanael Frois 0-0: Called Strike
0-1: DOUBLE (Line Drive, 89M, EV 96.9 MPH)
Jake Burkhart to third
Batting: LHB Jason Gorden 0-0: Ball
1-0: Ball
2-0: Ball
3-0: Base on Balls
Pitching: LHP Josh Philbeck
Batting: LHB Jim Hollowell 0-0: Called Strike
0-1: Foul Ball, location: 2F
0-2: Ball
1-2: Strikes out swinging
Pitching: RHP Chance McCoy
Batting: RHB Jason Sloan 0-0: Called Strike
0-1: Ball
1-1: Foul Ball, location: 2F
1-2: Ball
2-2: Strikes out swinging
Bottom of the 8th over - 0 runs, 1 hit, 0 errors, 3 left on base; Baltimore (APP) 0 - Burlington 5
TOP OF THE 9TH
Baltimore (APP) Orioles batting - Pitching for Burlington Royals : RHP Juan Hernandez
Batting: RHB Omar Mascarenas 0-0: Called Strike
0-1: Ball
1-1: Ball
2-1: Foul Ball, location: 2F
2-2: Ball
3-2: SINGLE (Groundball, 34D, EV 97.5 MPH)
Batting: RHB Sean Ward 0-0: Ball
1-0: Ball
2-0: Ball
3-0: Base on Balls
Omar Mascarenas to second
Pitching: LHP Carlos Mestanza
Batting: RHB Andres Cervantes 0-0: Ball
1-0: Called Strike
1-1: Called Strike
1-2: Strikes out looking
Batting: RHB Joel Escalera 0-0: Ball
1-0: Ball
2-0: 3-RUN HOME RUN (Flyball, 7LD, EV 100.0 MPH), Distance : 338 ft
Pitching: RHP Scott McGinness
Batting: RHB Trevor Smith 0-0: Foul Ball, location: 2F
0-1: Swinging Strike
0-2: Ball
1-2: Foul Ball, location: 2F
1-2: SINGLE (Groundball, 56D, EV 95.0 MPH)
Pinch Hitting: LHB Corey Eichman 0-0: Ball
1-0: Foul Ball, location: 2F
1-1: Ball
2-1: Ball
3-1: Foul Ball, location: 2F
3-2: Strikes out swinging
Batting: RHB Rafael Medina 0-0: Called Strike
0-1: Ball
1-1: Ball
2-1: Called Strike
2-2: Fielders Choice at 2nd, 6-4 (Groundball, 6, EV 86.3 MPH)
Top of the 9th over - 3 runs, 3 hits, 0 errors, 1 left on base; Baltimore (APP) 3 - Burlington 5
Thursday, March 31st , 2022 - OOTP Baseball 22.12 Build 89